Map: Apotheosis LE

Players

Nickos - Winner!

  • Race: Terran Terran
  • League: Gold

Smacko

  • Race: Protoss Protoss
  • League: Gold

VOD

Have the link to the VOD?

Description

Time

  • Played on: Oct. 1, 2016, 8:18 a.m.
  • Length: 13:23
Show
View Real Time Build Order
Export as new Build Order

Nickos Terran - Winner!

Build Orders: Reaper Expand, MMM Bio 

Get SALT Encoding   

  12  0:00  SCV  
  13  0:12  SCV  
  14  0:17  Supply Depot  
  14  0:25  SCV  
  15  0:39  SCV  
  15  0:40  Barracks  
  16  0:44  Refinery  
  16  0:51  SCV  
  17  1:03  SCV  
  18  1:15  SCV  
  19  1:28  Reaper  
  19  1:30  Orbital Command  
  20  1:47  Command Center  
  20  1:54  Barracks  
  20  1:58  SCV  
  21  2:10  SCV  
  22  2:20  Barracks Reactor  
  22  2:22  Supply Depot  
  22  2:24  Supply Depot, SCV  
  23  2:33  Factory  
  23  2:37  Refinery  
  23  2:43  SCV  
  24  2:55  SCV  
  25  3:00  Barracks Tech Lab  
  25  3:08  SCV  
  26  3:12  Orbital Command  
  26  3:13  Marine x2  
  28  3:24  Starport  
  28  3:27  Engineering Bay, Supply Depot, Marine  
  28  3:30  Factory Reactor  
  29  3:34  SCV  
  29  3:41  Stimpack  
  30  3:53  Marine x2  
  30  3:55  Supply Depot  
  32  4:05  SCV  
  32  4:07  Missile Turret  
  33  4:11  SCV  
  33  4:12  Marine  
  35  4:21  Supply Depot  
  35  4:23  Missile Turret, Marine  
  36  4:27  Medivac  
  36  4:31  SCV x2  
  40  4:39  Missile Turret  
  40  4:42  Terran Infantry Weapons Level 1  
  40  4:43  Marine, SCV x2  
  43  4:50  Missile Turret  
  43  4:52  Marine  
  43  4:55  SCV x2  
  43  4:58  Marine  
  43  4:59  Missile Turret  
  47  5:00  Medivac  
  49  5:08  SCV x2  
  49  5:11  Marine x2  
  49  5:14  Missile Turret  
  53  5:16  Marine  
  54  5:29  Marine  
  55  5:41  SCV  
  55  5:42  SCV  
  57  5:45  Liberator  
  56  5:50  Combat Shields  
  56  5:51  Marine x3  
  56  5:54  SCV x2  
  61  6:01  Medivac  
  66  6:06  SCV x2  
  66  6:07  Barracks  
  66  6:08  Barracks  
  66  6:09  Barracks, Marine x3  
  66  6:11  Supply Depot  
  71  6:15  Command Center  
  67  6:32  Marine x2  
  68  6:33  Marine  
  70  6:41  Liberator  
  70  6:50  Marine x3  
  73  6:55  SCV x2  
  73  6:57  Barracks x2, Terran Infantry Armor Level 1  
  73  6:58  Barracks  
  73  7:00  Barracks  
  78  7:07  Barracks Tech Lab, SCV  
  78  7:08  Barracks Tech Lab, Marine x2, SCV  
  81  7:12  Barracks Tech Lab, Supply Depot  
  82  7:16  Missile Turret  
  82  7:17  Missile Turret  
  82  7:18  Missile Turret  
  82  7:21  Medivac  
  84  7:23  SCV x2  
  86  7:30  Bunker  
  86  7:35  SCV x2  
  88  7:45  Supply Depot  
  88  7:47  SCV  
  88  7:49  Missile Turret  
  89  7:52  Barracks Tech Lab x2  
  89  7:53  Marauder  
  89  7:54  Missile Turret, Marauder  
  95  7:58  Refinery, Marauder  
  95  7:59  Marine x3  
  95  8:00  Marine x2  
  95  8:01  Refinery  
  100  8:14  Marine  
  101  8:24  Marine x3  
  101  8:25  Marauder x3  
  101  8:26  Marauder  
  112  8:32  Marine x3  
  115  8:38  Supply Depot x2  
  115  8:41  Supply Depot, Marine  
  115  8:42  Marine  
  117  8:54  Marine x2  
  117  8:55  Marine x3  
  117  8:58  Marine  
  117  8:59  Marine x4  
  118  9:06  Viking x2  
  122  9:11  Starport  
  122  9:12  Marine x2  
  124  9:26  Planetary Fortress  
  124  9:30  Marine x3  
  124  9:31  Marine x5  
  129  9:32  Marine x2  
  134  9:40  Viking  
  136  9:48  Marine x4  
  136  9:49  Marine  
  136  9:50  Refinery  
  136  9:51  Refinery  
  141  10:24  SCV  
  141  10:30  Marine  
  141  10:31  Marine x2  
  141  10:33  Marine, SCV  
  125  10:44  Marine  
  125  10:45  Marine x5  
  125  10:48  Marine  
  125  10:49  Marine x2  
  131  10:53  Marine  
  132  11:02  Marine  
  132  11:03  Marine x5  
  135  11:06  Marine  
  133  11:26  SCV x2  
  135  11:38  SCV  
  135  11:39  SCV  
  137  11:44  Marine x3  
  137  11:45  Marine  
  141  12:02  Supply Depot  
  141  12:09  Supply Depot  
  141  12:11  Supply Depot  
  141  12:14  Supply Depot  
  141  12:18  Liberator x2  
  141  12:24  Marine x8  
  149  12:31  Marine x2  
  157  12:41  Marine x8  
  165  12:48  Marine x2  
  167  12:56  Command Center  
  167  12:59  Marine x3  
  167  13:05  Command Center  
Show
View Real Time Build Order
Export as new Build Order

Smacko Protoss 

Build Orders:  

Get SALT Encoding   

  12  0:01  Probe (Chrono Boost)  
  13  0:13  Probe (Chrono Boost)  
  14  0:19  Pylon  
  14  0:24  Probe (Chrono Boost)  
  15  0:38  Probe (Chrono Boost)  
  15  0:40  Gateway  
  16  0:48  Probe (Chrono Boost)  
  17  0:51  Assimilator  
  17  1:01  Pylon  
  17  1:04  Probe (Chrono Boost)  
  18  1:15  Probe (Chrono Boost)  
  20  1:25  Probe (Chrono Boost)  
  20  1:27  Cybernetics Core  
  20  1:36  Probe (Chrono Boost)  
  21  1:47  Probe (Chrono Boost)  
  22  1:55  Nexus  
  22  2:03  Adept  
  22  2:07  Assimilator  
  23  2:18  Warp Gate  
  23  2:26  Gateway  
  23  2:30  Pylon  
  23  2:36  Adept  
  25  2:47  Probe (Chrono Boost)  
  25  2:50  Pylon  
  26  3:00  Probe (Chrono Boost)  
  27  3:19  Mothership Core (Chrono Boost), Adept  
  33  3:20  Adept  
  33  3:25  Probe (Chrono Boost)  
  34  3:31  Stargate  
  34  3:50  Probe x2 (Chrono Boost)  
  34  3:55  Pylon  
  36  3:59  Adept x2  
  40  4:12  Stargate  
  40  4:15  Pylon  
  40  4:21  Oracle  
  43  4:31  Probe x2 (Chrono Boost)  
  45  4:41  Probe (Chrono Boost)  
  45  4:45  Twilight Council  
  46  4:46  Probe (Chrono Boost)  
  46  4:52  Probe (Chrono Boost)  
  48  4:53  Pylon  
  48  4:57  Probe (Chrono Boost)  
  49  5:03  Probe (Chrono Boost)  
  50  5:07  Oracle  
  50  5:08  Probe (Chrono Boost)  
  50  5:13  Probe (Chrono Boost)  
  55  5:18  Probe (Chrono Boost)  
  56  5:24  Probe (Chrono Boost), Assimilator  
  56  5:27  Assimilator  
  57  5:29  Probe (Chrono Boost)  
  57  5:34  Probe (Chrono Boost)  
  55  5:44  Probe (Chrono Boost)  
  55  5:45  Probe (Chrono Boost)  
  57  5:55  Probe x2 (Chrono Boost)  
  57  5:56  Fleet Beacon  
  59  6:05  Probe (Chrono Boost)  
  59  6:06  Probe (Chrono Boost)  
  61  6:16  Probe x2 (Chrono Boost)  
  61  6:26  Probe (Chrono Boost)  
  61  6:27  Probe (Chrono Boost)  
  63  6:37  Carrier, Probe x2 (Chrono Boost)  
  60  6:40  Resonating Glaives  
  60  6:43  Gateway  
  60  6:45  Gateway  
  64  6:47  Probe (Chrono Boost)  
  64  6:49  Probe (Chrono Boost)  
  66  6:58  Carrier, Probe (Chrono Boost)  
  68  7:01  Probe (Chrono Boost)  
  74  7:08  Probe (Chrono Boost)  
  74  7:09  Gateway x2  
  74  7:12  Adept  
  78  7:17  Probe (Chrono Boost)  
  78  7:27  Nexus  
  78  7:30  Pylon  
  78  7:32  Pylon  
  78  7:48  Probe (Chrono Boost)  
  78  7:50  Pylon  
  79  7:51  Pylon  
  79  7:53  Pylon  
  79  7:56  Pylon  
  79  8:02  Carrier  
  85  8:07  Nexus  
  85  8:10  Pylon  
  85  8:11  Graviton Catapult  
  85  8:12  Pylon  
  85  8:19  Adept  
  87  8:20  Adept x3  
  87  8:23  Probe (Chrono Boost)  
  87  8:25  Probe (Chrono Boost)  
  95  8:37  Gateway, Probe (Chrono Boost)  
  95  8:40  Gateway  
  86  8:50  Adept x4  
  90  8:57  Carrier  
  90  9:01  Probe (Chrono Boost)  
  90  9:02  Probe (Chrono Boost)  
  88  9:08  Adept  
  96  9:21  Templar Archives  
  96  9:30  Blink  
  102  9:48  Probe x2 (Chrono Boost)  
  102  9:49  Probe (Chrono Boost)  
  102  9:52  Assimilator  
  105  9:54  Adept x4  
  105  9:56  Assimilator  
  113  10:01  Probe (Chrono Boost)  
  112  10:18  High Templar x3  
  105  10:41  Adept x2  
  105  10:42  Adept x3  
  79  10:51  Probe (Chrono Boost)  
  79  10:52  Probe (Chrono Boost)  
  19  11:30  Probe (Chrono Boost)  
  19  11:31  Probe (Chrono Boost)  
  20  11:40  Probe (Chrono Boost)  
  20  11:42  Probe (Chrono Boost)  
  21  11:49  Probe (Chrono Boost)  
  21  11:51  Probe (Chrono Boost)  
  24  11:56  Gateway  
  24  11:58  Gateway  
  24  11:59  Probe (Chrono Boost)  
  24  12:00  Gateway  
  24  12:02  Gateway  
  24  12:03  Gateway  
  24  12:10  Probe (Chrono Boost)  
  25  12:20  Probe (Chrono Boost)  
  26  12:27  Cybernetics Core  
  25  12:31  Nexus, Probe (Chrono Boost)  
  25  12:32  Probe (Chrono Boost)  
  27  13:02  Zealot x2  
  27  13:03  Zealot x2  
Tags
 
Composition
MMM Bio
League
GoldGold
Matchup
PvT
Replay Pack
Nickos replay
Add a new tag
Caveats
  • Supply blocks, unpowered buildings, or Contaminate may cause inaccurate times.
  • Supply counts are checked every 10 seconds.